Sabres vs Penguins
Created - 7 avril 2017 at 20:33
Goals
|
Sabres |
1 |
0 |
0 |
1 |
Penguins |
1 |
0 |
1 |
2 |
|
Shots
|
Sabres |
14 |
7 |
8 |
29 |
Penguins |
10 |
5 |
8 |
23 |
|
1st period
1. Penguins , Duncan Keith 5 (Bobby Ryan, Steven Stamkos) at 3:28 (PP)
2. Sabres , Zach Bogosian 9 (Zack Kassian) at 12:37 (PP)
Penalties :
Jared Cowen (Buf) for Hooking (Minor) at 3:24, Erik Christensen (Buf) for Hooking (Minor) at 9:29, Brian McGrattan (Pit) for Roughing (Minor) at 12:07, Nathan Horton (Pit) for Roughing (Minor) at 13:15
2nd period
No Goal
Penalties :
Randy Jones (Buf) for Holding (Minor) at 4:21, Steven Stamkos (Pit) for Hooking (Minor) at 10:54
3rd period
3. Penguins , Dustin Penner 13 (Josef Vasicek, Luke Schenn) at 16:47
Penalties :
Cory Sarich (Pit) for Roughing (Minor) at 2:09, Jordan Leopold (Buf) for Tripping (Minor) at 5:19, Jaromir Jagr (Buf) for Hooking (Minor) at 7:41, Jordan Leopold (Buf) for Cross-checking (Minor) at 18:31, Duncan Keith (Pit) for Roughing (Minor) at 19:57
Goalie Stats
Jonas Hiller (Buf), 21 saves from 23 shots - (0,913), L, 7-6-1, 60:00 minutes
Brian Elliott (Pit), 28 saves from 29 shots - (0,966), W, 40-12-3, 60:00 minutes
Players Stats for Sabres
Player Name G A P +/- PIM S H SB GA TA FO MP PP MP PK MP
------------------------------------------------------------------------------------
Brandon Sutter 0 0 0 0 0 2 0 0 1 0 10/13 12:58 0:01 0:00
Erik Christensen 0 0 0 -1 2 3 3 0 1 1 5/14 14:42 3:31 0:00
Evander Kane 0 0 0 0 0 6 2 0 1 0 4/7 20:49 3:31 4:25
J.T. Miller 0 0 0 -1 0 0 1 0 0 1 0/0 14:55 2:55 0:04
Jakub Kindl 0 0 0 -1 0 1 2 0 0 0 0/0 14:50 0:00 0:00
Jared Cowen 0 0 0 -1 2 0 1 0 0 1 0/0 20:55 0:06 5:42
Jaromir Jagr 0 0 0 -1 2 4 1 0 0 0 0/0 12:09 0:01 0:00
Jordan Leopold 0 0 0 0 4 0 1 4 0 1 0/0 18:43 2:30 2:35
Kyle Okposo 0 0 0 0 0 1 1 0 0 0 2/2 15:54 3:31 0:00
Matt Martin 0 0 0 0 0 1 2 0 0 0 0/0 10:54 0:01 0:00
Michael Kostka 0 0 0 0 0 0 2 0 1 0 0/0 21:44 3:52 2:02
Mike Leclerc 0 0 0 0 0 3 1 0 0 0 1/1 13:51 0:00 5:01
Patrice Cormier 0 0 0 0 0 1 1 0 0 0 1/3 8:48 0:00 0:00
Patrik Elias 0 0 0 0 0 0 0 0 0 1 3/6 13:49 0:00 5:01
Randy Jones 0 0 0 0 2 0 0 1 0 0 0/0 18:47 2:30 2:51
Ryan O'Reilly 0 0 0 0 0 0 1 0 0 0 3/7 13:35 2:55 0:00
Zach Bogosian 1 0 1 0 0 4 1 1 0 0 0/0 25:02 3:56 5:42
Zack Kassian 0 1 1 0 0 3 0 0 0 0 1/1 18:01 2:55 4:21
Players Stats for Penguins
Player Name G A P +/- PIM S H SB GA TA FO MP PP MP PK MP
------------------------------------------------------------------------------------
Bobby Ryan 0 1 1 0 0 1 1 0 1 0 0/1 21:12 5:14 1:32
Brayden Schenn 0 0 0 0 0 1 0 0 0 0 3/5 10:06 0:00 3:21
Brian McGrattan 0 0 0 1 2 2 1 1 0 0 0/1 11:12 0:00 0:00
Cory Sarich 0 0 0 0 2 0 1 1 0 0 0/0 11:17 0:00 0:00
Derek Joslin 0 0 0 1 0 1 0 0 0 0 0/0 11:12 0:00 0:00
Duncan Keith 1 0 1 1 2 3 1 0 1 0 0/0 27:01 5:31 4:06
Dustin Penner 1 0 1 1 0 2 0 0 1 0 0/0 13:10 0:03 1:54
Josef Vasicek 0 1 1 1 0 1 1 1 0 1 1/1 12:45 0:00 1:32
Luke Schenn 0 1 1 0 0 0 2 0 0 1 0/0 21:43 3:54 2:21
Max Pacioretty 0 0 0 0 0 0 0 0 0 0 1/1 20:43 5:11 0:45
Nathan Horton 0 0 0 0 2 3 1 1 0 1 0/0 18:46 4:12 2:16
Nikita Alexeev 0 0 0 0 0 1 0 0 0 0 0/0 6:09 0:00 0:00
Paul Ranger 0 0 0 0 0 1 1 0 1 0 0/0 21:42 3:54 2:21
Sam Gagner 0 0 0 0 0 2 1 0 1 0 2/7 17:29 4:12 1:34
Sean Zimmerman 0 0 0 0 0 1 1 0 0 1 0/0 27:03 5:32 4:06
Simon Gagné 0 0 0 0 0 1 1 0 0 0 0/1 15:55 4:12 0:00
Steve Sullivan 0 0 0 0 0 0 1 0 0 0 0/0 6:09 0:00 0:00
Steven Stamkos 0 1 1 0 2 3 2 0 0 0 17/37 19:52 5:14 0:00
3 Stars
1 - Brian Elliott (Pit)
2 - Dustin Penner (Pit)
3 - Zach Bogosian (Buf)
Power Play
Sabres - 1 on 5 Attempt(s) - 20,00%
Penguins - 1 on 6 Attempt(s) - 16,67%
Penalty Kill
Sabres - 5 on 6 Attempt(s) - 83,33%
- Score 0 goal in Penalty Kill
Penguins - 4 on 5 Attempt(s) - 80,00%
- Score 0 goal in Penalty Kill
Team Stat
Sabres - Hits : 20 - Faceoff Wins : 30 - Blocked Shots : 6 - Penalty Minutes : 12
Penguins - Hits : 15 - Faceoff Wins : 24 - Blocked Shots : 4 - Penalty Minutes : 10
Official
Referees : Furlatt Eric and Jackson Dave
Linesman : Thor Nelson and Lonnie Cameron
Game Notes
No Game Note
Finance
Level 1 -- Attendance: 5637 (93,95%) -- Ticket Income 434 049 $
Level 2 -- Attendance: 5000 (100,00%) -- Ticket Income 225 000 $
Level 3 -- Attendance: 2000 (100,00%) -- Ticket Income 56 000 $
Level 4 -- Attendance: 3753 (93,83%) -- Ticket Income 75 060 $
Luxury Box -- Attendance: 1000 (100,00%) -- Ticket Income 160 000 $
Game was played at the Igloo.
Total Attendance: 17390 (96,61%)
Total Ticket Income: 950 109 $
Other Income: 142 516 $
Total Income: 1 092 625 $
Sabres
5 vs 5 Forward
Center Left Wing Right Wing Time % Phy DF OF
1 Brandon Sutter Evander Kane Kyle Okposo 32 1 2 2
2 Erik Christensen J.T. Miller Jaromir Jagr 28 1 2 2
3 Ryan O'Reilly Matt Martin Zack Kassian 26 1 3 1
4 Patrice Cormier Mike Leclerc Patrik Elias 14 1 3 1
5 vs 5 Defense
Defense Defense Time % Phy DF OF
1 Michael Kostka Zach Bogosian 40 1 3 1
2 Jordan Leopold Randy Jones 30 1 3 1
3 Jared Cowen Jakub Kindl 30 1 3 1
4 Jared Cowen Jakub Kindl 0 1 3 1
PowerPlay Forward
Center Left Wing Right Wing Time % Phy DF OF
1 Erik Christensen Evander Kane Kyle Okposo 60 1 1 3
2 Ryan O'Reilly J.T. Miller Zack Kassian 40 1 1 3
PowerPlay Defense
Defense Defense Time % Phy DF OF
1 Michael Kostka Zach Bogosian 65 1 2 2
2 Jordan Leopold Randy Jones 35 1 3 1
Penalty Kill 4 Players Forward
Center Wing Time % Phy DF OF
1 Patrik Elias Mike Leclerc 50 1 4 0
2 Evander Kane Zack Kassian 50 1 3 1
Penalty Kill 4 Players Defense
Defense Defense Time % Phy DF OF
1 Jared Cowen Zach Bogosian 65 1 4 0
2 Jordan Leopold Randy Jones 35 1 4 0
Penalty Kill - 3 Players Forward
Forward Time % Phy DF OF
1 Patrik Elias 60 0 5 0
2 Mike Leclerc 40 0 5 0
Penalty Kill - 3 Players Defense
Defense Defense Time % Phy DF OF
1 Jared Cowen Zach Bogosian 65 1 4 0
2 Jordan Leopold Randy Jones 35 1 4 0
4 vs 4 Forward
Center Wing Time % Phy DF OF
1 Erik Christensen Mike Leclerc 60 1 2 2
2 Evander Kane Zack Kassian 40 1 2 2
4 vs 4 Defense
Defense Defense Time % Phy DF OF
1 Jared Cowen Zach Bogosian 50 1 2 2
2 Jordan Leopold Randy Jones 50 1 3 1
Last Minutes Offensive
Center Left Wing Right Wing Defense Defense
Erik Christensen Evander Kane Kyle Okposo Michael Kostka Zach Bogosian
Last Minutes Defensive
Center Left Wing Right Wing Defense Defense
Brandon Sutter Mike Leclerc Jaromir Jagr Jordan Leopold Jared Cowen
Goaltenders
Starting : Jonas Hiller
Backup : Robin Lehner
Extra Forwards
Normal : Ryan O'Reilly, J.T. Miller, Evander Kane - PP : Brandon Sutter, Matt Martin - PK : Jaromir Jagr
Extra Defensemen
Normal : Jordan Leopold, Randy Jones, Zach Bogosian - PP : Jared Cowen - PK : Michael Kostka, Jakub Kindl
Penalty Shots
Evander Kane, Jaromir Jagr, Kyle Okposo, Mike Leclerc, Erik Christensen
Penguins
5 vs 5 Forward
Center Left Wing Right Wing Time % Phy DF OF
1 Steven Stamkos Max Pacioretty Bobby Ryan 40 0 2 3
2 Sam Gagner Simon Gagné Nathan Horton 30 0 2 3
3 Josef Vasicek Dustin Penner Brian McGrattan 20 0 2 3
4 Brayden Schenn Steve Sullivan Nikita Alexeev 10 0 2 3
5 vs 5 Defense
Defense Defense Time % Phy DF OF
1 Sean Zimmerman Duncan Keith 45 1 2 2
2 Luke Schenn Paul Ranger 33 1 2 2
3 Cory Sarich Derek Joslin 22 1 2 2
4 Luke Schenn Duncan Keith 0 1 2 2
PowerPlay Forward
Center Left Wing Right Wing Time % Phy DF OF
1 Steven Stamkos Max Pacioretty Bobby Ryan 60 0 1 4
2 Sam Gagner Simon Gagné Nathan Horton 40 0 1 4
PowerPlay Defense
Defense Defense Time % Phy DF OF
1 Sean Zimmerman Duncan Keith 60 0 2 3
2 Luke Schenn Paul Ranger 40 0 2 3
Penalty Kill 4 Players Forward
Center Wing Time % Phy DF OF
1 Brayden Schenn Nathan Horton 60 0 4 1
2 Josef Vasicek Bobby Ryan 40 0 4 1
Penalty Kill 4 Players Defense
Defense Defense Time % Phy DF OF
1 Sean Zimmerman Duncan Keith 60 1 4 0
2 Luke Schenn Paul Ranger 40 1 4 0
Penalty Kill - 3 Players Forward
Forward Time % Phy DF OF
1 Nathan Horton 60 0 4 1
2 Bobby Ryan 40 0 4 1
Penalty Kill - 3 Players Defense
Defense Defense Time % Phy DF OF
1 Sean Zimmerman Duncan Keith 60 1 4 0
2 Luke Schenn Paul Ranger 40 1 4 0
4 vs 4 Forward
Center Wing Time % Phy DF OF
1 Steven Stamkos Bobby Ryan 60 0 2 3
2 Sam Gagner Nathan Horton 40 0 2 3
4 vs 4 Defense
Defense Defense Time % Phy DF OF
1 Sean Zimmerman Duncan Keith 60 1 2 2
2 Luke Schenn Paul Ranger 40 1 2 2
Last Minutes Offensive
Center Left Wing Right Wing Defense Defense
Steven Stamkos Max Pacioretty Bobby Ryan Sean Zimmerman Duncan Keith
Last Minutes Defensive
Center Left Wing Right Wing Defense Defense
Brayden Schenn Simon Gagné Nathan Horton Sean Zimmerman Duncan Keith
Goaltenders
Starting : Brian Elliott
Backup : Josh Tordjman
Extra Forwards
Normal : Steven Stamkos, Sam Gagner, Josef Vasicek - PP : Steven Stamkos, Sam Gagner - PK : Nathan Horton
Extra Defensemen
Normal : Sean Zimmerman, Paul Ranger, Cory Sarich - PP : Paul Ranger - PK : Sean Zimmerman, Luke Schenn
Penalty Shots
Max Pacioretty, Bobby Ryan, Nathan Horton, Steven Stamkos, Simon Gagné
% Time on Ice - Sabres
Lines # - Real PCT - Wanted PCT - Time Play
Normal Forward
1 - 29% - 32% - 12:36
2 - 27% - 28% - 12:01
3 - 24% - 26% - 10:40
4 - 20% - 14% - 8:48
Normal Defense
1 - 39% - 40% - 17:03
2 - 32% - 30% - 14:09
3 - 29% - 30% - 12:36
4 - 1% - 0% - 0:17
PP Forward
1 - 55% - 60% - 3:32
2 - 45% - 40% - 2:55
PP Defense
1 - 61% - 65% - 3:57
2 - 39% - 35% - 2:30
PK Forward
1 - 53% - 50% - 5:01
2 - 47% - 50% - 4:25
PK Defense
1 - 60% - 65% - 5:42
2 - 40% - 35% - 3:44
PK3 Forward
1 - 0% - 60%
2 - 0% - 40%
PK3 Defense
1 - 0% - 65%
2 - 0% - 35%
44 Forward
1 - 100% - 60% - 0:02
2 - 0% - 40% - 0:00
44 Defense
1 - 100% - 50% - 0:02
2 - 0% - 50% - 0:00
Last Minute Offensive - 0:00
Last Minute Defensive - 0:00
Total
Forward - 60:00
Defense - 60:00
|
% Time on Ice - Penguins
Lines # - Real PCT - Wanted PCT - Time Play
Normal Forward
1 - 34% - 40% - 15:00
2 - 27% - 30% - 11:43
3 - 25% - 20% - 11:13
4 - 14% - 10% - 6:09
Normal Defense
1 - 39% - 45% - 17:23
2 - 36% - 33% - 16:01
3 - 24% - 22% - 10:41
4 - 0% - 0% - 0:00
PP Forward
1 - 55% - 60% - 5:14
2 - 45% - 40% - 4:12
PP Defense
1 - 59% - 60% - 5:32
2 - 41% - 40% - 3:54
PK Forward
1 - 76% - 60% - 4:55
2 - 24% - 40% - 1:32
PK Defense
1 - 64% - 60% - 4:06
2 - 36% - 40% - 2:21
PK3 Forward
1 - 0% - 60%
2 - 0% - 40%
PK3 Defense
1 - 0% - 60%
2 - 0% - 40%
44 Forward
1 - 100% - 60% - 0:02
2 - 0% - 40% - 0:00
44 Defense
1 - 100% - 60% - 0:02
2 - 0% - 40% - 0:00
Last Minute Offensive - 0:00
Last Minute Defensive - 0:00
Total
Forward - 60:00
Defense - 60:00
|
Play by Play
1st period
0:01 of 1st period - Steven Stamkos wins face-off versus Evander Kane in neutral zone.
0:05 of 1st period - Off-side.
0:06 of 1st period - Kyle Okposo wins face-off versus Steven Stamkos in neutral zone.
0:13 of 1st period - Snap shot by Steven Stamkos.
0:13 of 1st period - Stopped by Jonas Hiller with a rebound.
0:35 of 1st period - Evander Kane is hit by Brian McGrattan and loses puck.
0:58 of 1st period - Wrist shot by Erik Christensen.
0:58 of 1st period - Shot Misses the Net.
1:00 of 1st period - Wrist shot by Zach Bogosian.
1:00 of 1st period - Deflect By Jaromir Jagr.
1:00 of 1st period - Shot Misses the Net.
1:00 of 1st period - Puck is out of play.
1:01 of 1st period - Erik Christensen wins face-off versus Brayden Schenn in Penguins zone.
1:08 of 1st period - Snap shot by Erik Christensen.
1:08 of 1st period - Shot Misses the Net.
1:17 of 1st period - Snap shot by Derek Joslin.
1:17 of 1st period - Stopped by Jonas Hiller without a rebound.
1:18 of 1st period - Ryan O'Reilly wins face-off versus Sam Gagner in Sabres zone.
1:43 of 1st period - Luke Schenn is hit by Jakub Kindl and loses puck.
1:52 of 1st period - Snap shot by Erik Christensen.
1:52 of 1st period - Stopped by Brian Elliott without a rebound.
1:53 of 1st period - Mike Leclerc wins face-off versus Steven Stamkos in Penguins zone.
2:20 of 1st period - Wrist shot by Jaromir Jagr.
2:20 of 1st period - Stopped by Brian Elliott without a rebound.
2:21 of 1st period - Josef Vasicek wins face-off versus Erik Christensen in Penguins zone.
2:21 of 1st period - Josef Vasicek is hit by Erik Christensen.
2:29 of 1st period - Snap shot by Erik Christensen.
2:29 of 1st period - Shot Misses the Net.
3:10 of 1st period - Wrist shot by Evander Kane.
3:10 of 1st period - Shot Misses the Net.
3:16 of 1st period - Snap shot by Simon Gagné.
3:16 of 1st period - Stopped by Jonas Hiller with a rebound.
3:24 of 1st period - Minor Penalty to Jared Cowen for Hooking.
3:25 of 1st period - Steven Stamkos wins face-off versus Patrik Elias in Sabres zone.
3:26 of 1st period - Snap shot by Bobby Ryan.
3:26 of 1st period - Shot Misses the Net.
3:28 of 1st period - Slapshot by Duncan Keith.
3:28 of 1st period - Goal by Duncan Keith - Sabres : 0 - Penguins : 1.
3:29 of 1st period - Steven Stamkos wins face-off versus Patrice Cormier in neutral zone.
4:52 of 1st period - Cory Sarich is hit by Mike Leclerc and loses puck.
4:56 of 1st period - Icing by Cory Sarich.
4:57 of 1st period - Steven Stamkos wins face-off versus Erik Christensen in Penguins zone.
4:57 of 1st period - Steven Stamkos is hit by Jaromir Jagr.
5:13 of 1st period - Snap shot by Erik Christensen.
5:13 of 1st period - Stopped by Brian Elliott without a rebound.
5:14 of 1st period - Brandon Sutter wins face-off versus Sam Gagner in Penguins zone.
5:39 of 1st period - Sean Zimmerman is hit by Ryan O'Reilly and loses puck.
5:52 of 1st period - Snap shot by Zack Kassian.
5:52 of 1st period - Stopped by Brian Elliott with a rebound.
6:06 of 1st period - Slapshot by Steven Stamkos.
6:06 of 1st period - Shot Misses the Net.
6:08 of 1st period - Slapshot by Sean Zimmerman.
6:08 of 1st period - Shot Misses the Net.
6:10 of 1st period - Wrist shot by Max Pacioretty.
6:10 of 1st period - Deflect By Steven Stamkos.
6:10 of 1st period - Stopped by Jonas Hiller without a rebound.
6:11 of 1st period - Brandon Sutter wins face-off versus Steven Stamkos in Sabres zone.
6:45 of 1st period - Slapshot by Brian McGrattan.
6:45 of 1st period - Stopped by Jonas Hiller without a rebound.
6:46 of 1st period - Steven Stamkos wins face-off versus Ryan O'Reilly in Sabres zone.
7:03 of 1st period - Snap shot by Max Pacioretty.
7:03 of 1st period - Shot Blocked by Zach Bogosian.
8:22 of 1st period - Snap shot by Steven Stamkos.
8:22 of 1st period - Shot Misses the Net.
8:26 of 1st period - Snap shot by Steven Stamkos.
8:26 of 1st period - Shot Misses the Net.
8:44 of 1st period - Jared Cowen is hit by Josef Vasicek and loses puck.
8:55 of 1st period - Snap shot by Evander Kane.
8:55 of 1st period - Stopped by Brian Elliott with a rebound.
8:57 of 1st period - Snap shot by Kyle Okposo.
8:57 of 1st period - Shot Misses the Net.
8:59 of 1st period - Wrist shot by Brandon Sutter.
8:59 of 1st period - Stopped by Brian Elliott without a rebound.
9:00 of 1st period - Brandon Sutter wins face-off versus Steven Stamkos in Penguins zone.
9:03 of 1st period - Snap shot by Evander Kane.
9:03 of 1st period - Stopped by Brian Elliott without a rebound.
9:04 of 1st period - Erik Christensen wins face-off versus Steven Stamkos in Penguins zone.
9:05 of 1st period - Snap shot by Jaromir Jagr.
9:05 of 1st period - Stopped by Brian Elliott without a rebound.
9:06 of 1st period - Erik Christensen wins face-off versus Steven Stamkos in Penguins zone.
9:29 of 1st period - Minor Penalty to Erik Christensen for Hooking.
9:30 of 1st period - Zack Kassian wins face-off versus Steven Stamkos in Sabres zone.
11:29 of 1st period - Penalty to Erik Christensen is over, Erik Christensen is back on ice.
11:53 of 1st period - Off-side.
11:54 of 1st period - Brandon Sutter wins face-off versus Brian McGrattan in neutral zone.
12:07 of 1st period - Minor Penalty to Brian McGrattan for Roughing.
12:08 of 1st period - Erik Christensen wins face-off versus Brayden Schenn in Penguins zone.
12:19 of 1st period - Wrist shot by Erik Christensen.
12:19 of 1st period - Stopped by Brian Elliott with a rebound.
12:21 of 1st period - Slapshot by Michael Kostka.
12:21 of 1st period - Shot Misses the Net.
12:37 of 1st period - Slapshot by Zach Bogosian.
12:37 of 1st period - Goal by Zach Bogosian - Sabres : 1 - Penguins : 1.
12:38 of 1st period - Steven Stamkos wins face-off versus Ryan O'Reilly in neutral zone.
13:15 of 1st period - Minor Penalty to Nathan Horton for Roughing.
13:16 of 1st period - Brayden Schenn wins face-off versus Erik Christensen in Penguins zone.
14:17 of 1st period - Paul Ranger is hit by Evander Kane and loses puck.
15:15 of 1st period - Penalty to Nathan Horton is over, Nathan Horton is back on ice.
15:27 of 1st period - Slapshot by Zach Bogosian.
15:27 of 1st period - Stopped by Brian Elliott with a rebound.
15:51 of 1st period - Snap shot by Jaromir Jagr.
15:51 of 1st period - Stopped by Brian Elliott without a rebound.
15:52 of 1st period - Brandon Sutter wins face-off versus Sam Gagner in Penguins zone.
16:15 of 1st period - Snap shot by Josef Vasicek.
16:15 of 1st period - Stopped by Jonas Hiller with a rebound.
16:17 of 1st period - Snap shot by Duncan Keith.
16:17 of 1st period - Shot Misses the Net.
16:19 of 1st period - Slapshot by Duncan Keith.
16:19 of 1st period - Stopped by Jonas Hiller with a rebound.
16:28 of 1st period - Off-side.
16:29 of 1st period - Steven Stamkos wins face-off versus Ryan O'Reilly in neutral zone.
16:38 of 1st period - Bobby Ryan is hit by Matt Martin and loses puck.
17:17 of 1st period - Off-side.
17:18 of 1st period - Sam Gagner wins face-off versus Ryan O'Reilly in neutral zone.
17:21 of 1st period - Wrist shot by Sean Zimmerman.
17:21 of 1st period - Stopped by Jonas Hiller without a rebound.
17:22 of 1st period - Ryan O'Reilly wins face-off versus Simon Gagné in Sabres zone.
18:01 of 1st period - Snap shot by Evander Kane.
18:01 of 1st period - Stopped by Brian Elliott without a rebound.
18:02 of 1st period - Steven Stamkos wins face-off versus Erik Christensen in Penguins zone.
18:28 of 1st period - Luke Schenn is hit by Kyle Okposo.
18:50 of 1st period - Matt Martin is hit by Paul Ranger and loses puck.
19:15 of 1st period - Slapshot by Duncan Keith.
19:15 of 1st period - Stopped by Jonas Hiller without a rebound.
19:16 of 1st period - Steven Stamkos wins face-off versus Patrice Cormier in Sabres zone.
19:43 of 1st period - Duncan Keith is hit by Michael Kostka and loses puck.
19:54 of 1st period - Slapshot by Patrik Elias.
19:54 of 1st period - Deflect By Patrice Cormier.
19:54 of 1st period - Stopped by Brian Elliott without a rebound.
19:55 of 1st period - Brandon Sutter wins face-off versus Sam Gagner in Penguins zone.
Goals for this period are 1 for Sabres vs 1 for Penguins.
Shots for this period are 14 for Sabres vs 10 for Penguins.
2nd period
0:01 of 2nd period - Kyle Okposo wins face-off versus Steven Stamkos in neutral zone.
0:08 of 2nd period - Snap shot by Evander Kane.
0:08 of 2nd period - Shot Misses the Net.
0:51 of 2nd period - Wrist shot by Ryan O'Reilly.
0:51 of 2nd period - Shot Misses the Net.
0:53 of 2nd period - Slapshot by Matt Martin.
0:53 of 2nd period - Stopped by Brian Elliott with a rebound.
0:55 of 2nd period - Slapshot by Zack Kassian.
0:55 of 2nd period - Deflect By Matt Martin.
0:55 of 2nd period - Shot Hit the Post.
0:55 of 2nd period - Puck is out of play.
0:56 of 2nd period - Steven Stamkos wins face-off versus Brandon Sutter in Penguins zone.
1:29 of 2nd period - J.T. Miller is hit by Sam Gagner and loses puck.
3:15 of 2nd period - Snap shot by Zack Kassian.
3:15 of 2nd period - Stopped by Brian Elliott with a rebound.
4:11 of 2nd period - Max Pacioretty is hit by Patrice Cormier and loses puck.
4:21 of 2nd period - Minor Penalty to Randy Jones for Holding.
4:22 of 2nd period - Patrik Elias wins face-off versus Steven Stamkos in Sabres zone.
4:22 of 2nd period - Patrik Elias is hit by Duncan Keith.
4:40 of 2nd period - Zach Bogosian is hit by Bobby Ryan and loses puck.
4:51 of 2nd period - Slapshot by Zach Bogosian.
4:51 of 2nd period - Deflect By Evander Kane.
4:51 of 2nd period - Shot Misses the Net.
4:51 of 2nd period - Puck is out of play.
4:52 of 2nd period - Evander Kane wins face-off versus Sam Gagner in Penguins zone.
4:55 of 2nd period - Wrist shot by Zack Kassian.
4:55 of 2nd period - Shot Misses the Net.
5:19 of 2nd period - Bobby Ryan is hit by Jordan Leopold and loses puck.
6:11 of 2nd period - Icing by Bobby Ryan.
6:12 of 2nd period - Max Pacioretty wins face-off versus Evander Kane in Penguins zone.
6:21 of 2nd period - Penalty to Randy Jones is over, Randy Jones is back on ice.
7:00 of 2nd period - Wrist shot by Brayden Schenn.
7:00 of 2nd period - Stopped by Jonas Hiller with a rebound.
7:02 of 2nd period - Wrist shot by Nikita Alexeev.
7:02 of 2nd period - Shot Misses the Net.
7:12 of 2nd period - Patrik Elias is hit by Cory Sarich and loses puck.
7:41 of 2nd period - Snap shot by Nathan Horton.
7:41 of 2nd period - Shot Misses the Net.
7:45 of 2nd period - Snap shot by Sam Gagner.
7:45 of 2nd period - Stopped by Jonas Hiller with a rebound.
9:01 of 2nd period - Snap shot by Nathan Horton.
9:01 of 2nd period - Shot Misses the Net.
9:07 of 2nd period - Snap shot by Nathan Horton.
9:07 of 2nd period - Shot Blocked by Jordan Leopold.
9:25 of 2nd period - Snap shot by Brian McGrattan.
9:25 of 2nd period - Shot Misses the Net.
9:27 of 2nd period - Snap shot by Josef Vasicek.
9:27 of 2nd period - Deflect By Dustin Penner.
9:27 of 2nd period - Shot Misses the Net.
9:27 of 2nd period - Puck is out of play.
9:28 of 2nd period - Steven Stamkos wins face-off versus Erik Christensen in Sabres zone.
10:54 of 2nd period - Minor Penalty to Steven Stamkos for Hooking.
10:55 of 2nd period - Brayden Schenn wins face-off versus Erik Christensen in Penguins zone.
11:30 of 2nd period - Slapshot by Zach Bogosian.
11:30 of 2nd period - Shot Misses the Net.
12:54 of 2nd period - Penalty to Steven Stamkos is over, Steven Stamkos is back on ice.
13:06 of 2nd period - Snap shot by Nathan Horton.
13:06 of 2nd period - Stopped by Jonas Hiller without a rebound.
13:07 of 2nd period - Patrice Cormier wins face-off versus Steven Stamkos in Sabres zone.
14:16 of 2nd period - Wrist shot by Evander Kane.
14:16 of 2nd period - Shot Misses the Net.
14:29 of 2nd period - Icing by Kyle Okposo.
14:30 of 2nd period - Patrik Elias wins face-off versus Steven Stamkos in Sabres zone.
15:30 of 2nd period - Duncan Keith is hit by Zach Bogosian and loses puck.
15:49 of 2nd period - Wrist shot by Zack Kassian.
15:49 of 2nd period - Stopped by Brian Elliott without a rebound.
15:50 of 2nd period - Brandon Sutter wins face-off versus Steven Stamkos in Penguins zone.
16:41 of 2nd period - Snap shot by Josef Vasicek.
16:41 of 2nd period - Shot Misses the Net.
16:43 of 2nd period - Slapshot by Paul Ranger.
16:43 of 2nd period - Shot Misses the Net.
16:45 of 2nd period - Snap shot by Brian McGrattan.
16:45 of 2nd period - Stopped by Jonas Hiller without a rebound.
16:46 of 2nd period - Brandon Sutter wins face-off versus Steven Stamkos in Sabres zone.
17:18 of 2nd period - Snap shot by Josef Vasicek.
17:18 of 2nd period - Shot Misses the Net.
18:07 of 2nd period - Wrist shot by Brandon Sutter.
18:07 of 2nd period - Stopped by Brian Elliott with a rebound.
18:09 of 2nd period - Slapshot by Jakub Kindl.
18:09 of 2nd period - Stopped by Brian Elliott with a rebound.
18:11 of 2nd period - Slapshot by Evander Kane.
18:11 of 2nd period - Stopped by Brian Elliott without a rebound.
18:12 of 2nd period - Erik Christensen wins face-off versus Bobby Ryan in Penguins zone.
18:43 of 2nd period - Slapshot by Zach Bogosian.
18:43 of 2nd period - Stopped by Brian Elliott with a rebound.
18:45 of 2nd period - Snap shot by Ryan O'Reilly.
18:45 of 2nd period - Shot Hit the Post.
18:47 of 2nd period - Snap shot by Zack Kassian.
18:47 of 2nd period - Shot Misses the Net.
18:49 of 2nd period - Wrist shot by Ryan O'Reilly.
18:49 of 2nd period - Shot Misses the Net.
19:43 of 2nd period - Backhand shot by Dustin Penner.
19:43 of 2nd period - Stopped by Jonas Hiller with a rebound.
Goals for this period are 0 for Sabres vs 0 for Penguins.
Shots for this period are 7 for Sabres vs 5 for Penguins.
3rd period
0:01 of 3rd period - Brandon Sutter wins face-off versus Steven Stamkos in neutral zone.
0:04 of 3rd period - Wrist shot by Evander Kane.
0:04 of 3rd period - Stopped by Brian Elliott with a rebound.
0:06 of 3rd period - Slapshot by Kyle Okposo.
0:06 of 3rd period - Stopped by Brian Elliott with a rebound.
0:10 of 3rd period - Snap shot by Evander Kane.
0:10 of 3rd period - Stopped by Brian Elliott with a rebound.
0:54 of 3rd period - Wrist shot by Nikita Alexeev.
0:54 of 3rd period - Shot Blocked by Jordan Leopold.
1:21 of 3rd period - Wrist shot by Mike Leclerc.
1:21 of 3rd period - Stopped by Brian Elliott with a rebound.
1:23 of 3rd period - Wrist shot by Mike Leclerc.
1:23 of 3rd period - Stopped by Brian Elliott without a rebound.
1:24 of 3rd period - Brandon Sutter wins face-off versus Steven Stamkos in Penguins zone.
2:01 of 3rd period - Wrist shot by Jaromir Jagr.
2:01 of 3rd period - Stopped by Brian Elliott with a rebound.
2:03 of 3rd period - Wrist shot by Jaromir Jagr.
2:03 of 3rd period - Shot Misses the Net.
2:09 of 3rd period - Minor Penalty to Cory Sarich for Roughing.
2:10 of 3rd period - Brayden Schenn wins face-off versus Erik Christensen in Penguins zone.
2:10 of 3rd period - Brayden Schenn is hit by Michael Kostka.
4:09 of 3rd period - Penalty to Cory Sarich is over, Cory Sarich is back on ice.
4:57 of 3rd period - Snap shot by Nathan Horton.
4:57 of 3rd period - Stopped by Jonas Hiller without a rebound.
4:58 of 3rd period - Sam Gagner wins face-off versus Erik Christensen in Sabres zone.
5:03 of 3rd period - Snap shot by Nathan Horton.
5:03 of 3rd period - Deflect By Sam Gagner.
5:03 of 3rd period - Shot Blocked by Randy Jones.
5:03 of 3rd period - Puck is out of play.
5:04 of 3rd period - Steven Stamkos wins face-off versus Brandon Sutter in Sabres zone.
5:05 of 3rd period - Slapshot by Bobby Ryan.
5:05 of 3rd period - Stopped by Jonas Hiller without a rebound.
5:06 of 3rd period - Steven Stamkos wins face-off versus Brandon Sutter in Sabres zone.
5:17 of 3rd period - Wrist shot by Bobby Ryan.
5:17 of 3rd period - Shot Blocked by Jordan Leopold.
5:19 of 3rd period - Minor Penalty to Jordan Leopold for Tripping.
5:20 of 3rd period - Steven Stamkos wins face-off versus Patrik Elias in Sabres zone.
5:46 of 3rd period - Mike Leclerc is hit by Simon Gagné and loses puck.
5:53 of 3rd period - Snap shot by Nathan Horton.
5:53 of 3rd period - Stopped by Jonas Hiller with a rebound.
5:55 of 3rd period - Slapshot by Paul Ranger.
5:55 of 3rd period - Stopped by Jonas Hiller without a rebound.
5:56 of 3rd period - Evander Kane wins face-off versus Steven Stamkos in Sabres zone.
7:19 of 3rd period - Penalty to Jordan Leopold is over, Jordan Leopold is back on ice.
7:41 of 3rd period - Minor Penalty to Jaromir Jagr for Hooking.
7:42 of 3rd period - Steven Stamkos wins face-off versus Patrik Elias in Sabres zone.
7:47 of 3rd period - Snap shot by Bobby Ryan.
7:47 of 3rd period - Shot Misses the Net.
7:55 of 3rd period - Slapshot by Steven Stamkos.
7:55 of 3rd period - Stopped by Jonas Hiller without a rebound.
7:56 of 3rd period - Evander Kane wins face-off versus Steven Stamkos in Sabres zone.
8:13 of 3rd period - Patrik Elias is hit by Sean Zimmerman and loses puck.
9:41 of 3rd period - Penalty to Jaromir Jagr is over, Jaromir Jagr is back on ice.
9:47 of 3rd period - Snap shot by Evander Kane.
9:47 of 3rd period - Shot Misses the Net.
10:13 of 3rd period - Slapshot by Zack Kassian.
10:13 of 3rd period - Shot Blocked by Cory Sarich.
11:11 of 3rd period - Slapshot by Randy Jones.
11:11 of 3rd period - Shot Blocked by Nathan Horton.
12:08 of 3rd period - Snap shot by Nikita Alexeev.
12:08 of 3rd period - Stopped by Jonas Hiller with a rebound.
12:57 of 3rd period - Jared Cowen is hit by Steve Sullivan and loses puck.
13:28 of 3rd period - Snap shot by Steven Stamkos.
13:28 of 3rd period - Shot Blocked by Jordan Leopold.
13:49 of 3rd period - Kyle Okposo is hit by Nathan Horton and loses puck.
13:54 of 3rd period - Snap shot by Sam Gagner.
13:54 of 3rd period - Shot Misses the Net.
14:08 of 3rd period - Dustin Penner is hit by Erik Christensen and loses puck.
14:17 of 3rd period - Dustin Penner is hit by J.T. Miller and loses puck.
14:32 of 3rd period - Patrice Cormier is hit by Steven Stamkos and loses puck.
14:39 of 3rd period - Bobby Ryan is hit by Jared Cowen and loses puck.
16:26 of 3rd period - Max Pacioretty is hit by Matt Martin and loses puck.
16:47 of 3rd period - Wrist shot by Dustin Penner.
16:47 of 3rd period - Goal by Dustin Penner - Sabres : 1 - Penguins : 2.
16:48 of 3rd period - Ryan O'Reilly wins face-off versus Steven Stamkos in neutral zone.
17:14 of 3rd period - Sean Zimmerman is hit by Evander Kane and loses puck.
17:19 of 3rd period - Slapshot by Evander Kane.
17:19 of 3rd period - Shot Misses the Net.
17:21 of 3rd period - Wrist shot by Brandon Sutter.
17:21 of 3rd period - Shot Blocked by Brian McGrattan.
17:23 of 3rd period - Wrist shot by Zach Bogosian.
17:23 of 3rd period - Deflect By Duncan Keith.
17:23 of 3rd period - Stopped by Brian Elliott with a rebound.
17:25 of 3rd period - Snap shot by Kyle Okposo.
17:25 of 3rd period - Shot Blocked by Josef Vasicek.
17:37 of 3rd period - Sean Zimmerman is hit by Erik Christensen and loses puck.
18:04 of 3rd period - Sean Zimmerman is hit by Jakub Kindl and loses puck.
18:31 of 3rd period - Minor Penalty to Jordan Leopold for Cross-checking.
18:32 of 3rd period - Evander Kane wins face-off versus Steven Stamkos in Sabres zone.
18:41 of 3rd period - Jared Cowen is hit by Steven Stamkos and loses puck.
19:04 of 3rd period - Zack Kassian is hit by Luke Schenn and loses puck.
19:21 of 3rd period - Mike Leclerc is hit by Luke Schenn and loses puck.
19:30 of 3rd period - Snap shot by Sam Gagner.
19:30 of 3rd period - Stopped by Jonas Hiller without a rebound.
19:31 of 3rd period - Jacques Martin call a timeout for Sabres.
19:31 of 3rd period - Steven Stamkos wins face-off versus Evander Kane in Sabres zone.
19:45 of 3rd period - Off-side.
19:46 of 3rd period - Patrik Elias wins face-off versus Steven Stamkos in neutral zone.
19:55 of 3rd period - Snap shot by Patrik Elias.
19:55 of 3rd period - Deflect By Mike Leclerc.
19:55 of 3rd period - Stopped by Brian Elliott with a rebound.
19:57 of 3rd period - Minor Penalty to Duncan Keith for Roughing.
19:58 of 3rd period - Steven Stamkos wins face-off versus Erik Christensen in Penguins zone.
Goals for this period are 0 for Sabres vs 1 for Penguins.
Shots for this period are 8 for Sabres vs 8 for Penguins.
Back to the Top